 Dungeon Crawl Stone Soup version 0.29.1-12-g30fa7ad0bf (webtiles) character file.

Game seed: 15476402675201285118

371 DildoBatman the Conjurer (level 7, -2/52 HPs)
             Began as a Formicid Conjurer on Dec 17, 2022.
             Slain by Prince Ribbit (9 damage)
             ... on level 5 of the Dungeon.
             The game lasted 00:08:47 (3541 turns).

DildoBatman the Conjurer (Formicid Conjurer)        Turns: 3541, Time: 00:08:47

Health: -2/52      AC:  3    Str: 11    XL:     7   Next: 2%
Magic:  1/13       EV: 12    Int: 28    God:
Gold:   139        SH:  5    Dex: 12    Spells: 11/14 levels left

rFire   . . .      SeeInvis +   b - +9 dagger of Immorality {drain, *Noise Int+8}
rCold   . . .      Faith    .   (no shield)
rNeg    . . .      Spirit   .   h - +0 robe
rPois   .          Reflect  +   (helmet unavailable)
rElec   .          Harm     .   x - +0 cloak
rCorr   .          Rampage  .   (no gloves)
Will    .....                   (no boots)
Stlth   ++........              g - amulet of reflection
HPRegen 0.17/turn               (no ring)
MPRegen 0.13/turn               (no ring)

@: no status effects
A: permanent stasis, dig shafts and tunnels, antennae 3, four strong arms
a: Dig, Shaft Self


You were on level 5 of the Dungeon.
You visited 1 branch of the dungeon, and saw 5 of its levels.

You collected 194 gold pieces.
You spent 55 gold pieces at shops.

Inventory:

Hand Weapons
 a - a +2 sling of flaming
 b - the +9 dagger of Immorality (weapon) {drain, *Noise Int+8}
   (You took it off a kobold on level 2 of the Dungeon)

   A truly terrible weapon, it drains the life of any living foe it strikes.
   Int:       It affects your intelligence (+8).
   *Noise:    It may make noises in combat.
Missiles
 n - 4 javelins
 t - 4 boomerangs
 v - 11 poisoned darts
 A - 26 stones
Armour
 h - a +0 robe (worn)
 x - a +0 cloak (worn)
Jewellery
 g - an amulet of reflection (around neck)
Wands
 q - a wand of mindburst (14)
Scrolls
 d - a scroll of amnesia {unknown}
 e - a scroll of vulnerability {unknown}
 j - 3 scrolls of identify {unknown}
 k - a scroll of teleportation {unknown}
 m - a scroll of silence {unknown}
 o - 3 scrolls of blinking {unknown}
 r - a scroll of noise {unknown}
 y - 2 scrolls of enchant armour {unknown}
Potions
 c - 2 potions of heal wounds
 f - a potion of magic
 i - a potion of haste {unknown}
 l - 4 potions of attraction {unknown}
 p - a potion of flight {unknown}
 s - 2 potions of brilliance {unknown}
 u - 2 potions of degeneration {unknown}
 w - 3 potions of curing {unknown}
 z - a potion of ambrosia {unknown}


   Skills:
 - Level 3.0 Fighting
 - Level 3.0 Armour
 - Level 2.0 Dodging
 - Level 2.4 Stealth
 * Level 4.0 Spellcasting
 * Level 4.9 Conjurations


You had 11 spell levels left.
You knew the following spells:

 Your Spells              Type           Power      Damage    Failure   Level
a - Searing Ray           Conj           66%        2d6       1%          2
c - Magic Dart            Conj           100%       1d8       1%          1

Your spell library contained the following spells:

 Spells                   Type           Power      Damage    Failure   Level
 Dazzling Flash           Conj/Hex       38%        N/A       9%          3
 Ensorcelled Hibernation  Hex/Ice        10%        N/A       11%         2
 Lesser Beckoning         Tloc           5%         N/A       22%         3
 Spider Form              Tmut/Pois      5%         N/A       22%         3
 Fulminant Prism          Conj/Hex       9%         3d7       26%         4
 Iskenderun's Mystic Bla  Conj/Tloc      19%        2d6       26%         4
 Anguish                  Hex/Necr       2%         N/A       58%         4
 Manifold Assault         Tloc           5%         N/A       90%         5
 Blink                    Tloc           Unusable   N/A       N/A         2

Dungeon Overview and Level Annotations

Branches:
Dungeon (5/15)
 Temple: D:4-7

Altars:
Hepliaklqana
Okawaru
The Shining One

Shops:
D:5 !

Annotations:
D:3 Terence
D:4 Pikel
D:5 Blork the orc, Prince Ribbit


Innate Abilities, Weirdness & Mutations

You cannot be hasted, slowed, berserked, paralysed or teleported.
You can dig through walls and to a lower floor.
You have a pair of large antennae on your head. (SInv)
Your four strong arms can wield two-handed weapons with a shield.


Message History

Aiming: Magic Dart (safe; 1% risk of failure)
Press: ? - help, Shift-Dir - straight line, f - adder
Aim: an adder (entangled in a web, 100% to hit)
The magic dart hits the adder!
The adder is severely wounded.
The adder pulls away from the web.
Casting: Magic Dart (safe; 1% risk of failure)
Confirm with . or Enter, or press ? or * to list all spells.
Aiming: Magic Dart (safe; 1% risk of failure)
Press: ? - help, Shift-Dir - straight line, f/p - adder
Aim: an adder (severely wounded, 100% to hit)
The magic dart hits the adder.
The adder is almost dead.
The adder is caught in a web!
Casting: Magic Dart (safe; 1% risk of failure)
Confirm with . or Enter, or press ? or * to list all spells.
Aiming: Magic Dart (safe; 1% risk of failure)
Press: ? - help, Shift-Dir - straight line, f/p - adder
Aim: an adder (almost dead, entangled in a web, 100% to hit)
The magic dart hits the adder.
You kill the adder!
You have reached level 7!
You start resting.
Prince Ribbit is nearby!
Casting: Magic Dart (safe; 1% risk of failure)
Confirm with . or Enter, or press ? or * to list all spells.
Aiming: Searing Ray (safe; 1% risk of failure)
Press: ? - help, Shift-Dir - straight line, f - Prince Ribbit
Aim: Prince Ribbit (66% to hit)
The searing ray hits Prince Ribbit!
Prince Ribbit is lightly wounded. (Press . to maintain the ray.)
The searing ray hits Prince Ribbit.
Prince Ribbit is moderately wounded.
Prince Ribbit hits you!
You miss Prince Ribbit.
Prince Ribbit is moderately wounded.
Prince Ribbit sighs, "It's not easy being green!"
Prince Ribbit hits you!
You die...

... .... ... ..^..
... ..... ... ....
.P..## .[ ....##
#..^†.^ .....$
##..^# ...
....#.#######^^..#
{ ...
........##^##.##
.# #......#@.# .#
{ . #......#F## #
. ..##...<.##.# {
.......).#..#
..##.......##
#.....### #######


You could see Prince Ribbit.

Vanquished Creatures
  4 lemures (D:4)
  A scorpion (D:5)
  2 iguanas (D:4)
  An orc wizard (D:4)
  4 gnolls
  7 adders
  2 worms (D:2)
  3 dart slugs
  14 orcs
  3 ball pythons
  13 bats
  5 endoplasms
  3 giant cockroaches
  7 goblins
  11 hobgoblins
  7 jackals
  7 kobolds
  3 quokkas
  3 frilled lizards
  4 rats
104 creatures vanquished.

Vanquished Creatures (others)
  7 fungi (D:5)
  A plant (D:4)
8 creatures vanquished.

Grand Total: 112 creatures vanquished

Notes
Turn   | Place    | Note
-------+----------+-------------------------------------------
     0 | D:1      | DildoBatman the Formicid Conjurer began the quest for the
                  | Orb.
     0 | D:1      | Reached XP level 1. HP: 13/13 MP: 3/3
   249 | D:1      | Reached XP level 2. HP: 20/20 MP: 1/5
   256 | D:1      | Learned a level 2 spell: Searing Ray
   474 | D:1      | Reached skill level 1 in Fighting
   529 | D:1      | Reached skill level 1 in Armour
   529 | D:1      | Reached XP level 3. HP: 26/26 MP: 2/6
  1235 | D:2      | Reached XP level 4. HP: 24/25 MP: 8/8
  1321 | D:2      | Identified the +9 dagger of Immorality {drain, *Noise
                  | Int+8}
  1324 | D:2      | Reached XP level 5. HP: 29/36 MP: 3/9
  1703 | D:3      | Noticed Terence
  1839 | D:3      | Found a faded altar of an unknown god.
  2033 | D:3      | Found a hazy altar of Hepliaklqana.
  2041 | D:3      | Found a glowing golden altar of the Shining One.
  2047 | D:3      | Found an iron altar of Okawaru.
  2406 | D:4      | Noticed a lemure
  2406 | D:4      | Noticed a lemure
  2421 | D:4      | Killed a lemure
  2422 | D:4      | Killed a lemure
  2439 | D:4      | Noticed Pikel
  2481 | D:4      | Noticed a lemure
  2500 | D:4      | Killed a lemure
  2519 | D:4      | Noticed a lemure
  2539 | D:4      | Killed a lemure
  2587 | D:4      | Reached XP level 6. HP: 44/46 MP: 4/11
  3330 | D:5      | Entered Level 5 of the Dungeon
  3330 | D:5      | Found Sayrai's Distillery.
  3342 | D:5      | Noticed Prince Ribbit
  3343 | D:5      | Bought a potion of heal wounds for 55 gold pieces
  3398 | D:5      | Noticed Blork the orc
  3537 | D:5      | Reached XP level 7. HP: 21/52 MP: 3/13
  3541 | D:5      | Slain by Prince Ribbit

Illustrated notes

Levels and vault maps discovered:
D:1:      eino_arrival_cavern_b, layout_basic
D:2:      layout_rooms, minmay_goblin_outpost
D:3:      layout_basic, minitemple, shapermc_ecumenical_altar_mp_highgroup,
          serial_glass, glass_columns_a, glass_columns_b, glass_columns_b,
          glass_columns_b, uniq_terence
D:4:      layout_loops_ring, serial_bayou_pond_a, uniq_pikel
D:5:      old_forge, layout_rooms, serial_shops, shop,
          ebering_dispersal_statue_hall, uniq_crazy_yiuf_cottage,
          uniq_prince_ribbit1, uniq_blork_the_orc

Skill      XL: |  1  2  3  4  5  6 |
---------------+-------------------+-----
Dodging        | 2 |  2.0
Fighting       | 1 2 3 |  3.0
Armour         | 1 2 3 |  3.0
Conjurations   | 4 |  4.9
Spellcasting   | 3 4 |  4.0
Stealth        | |  2.4

Action                   |  1- 3 |  4- 6 |  7- 9 || total
-------------------------+-------+-------+-------++-------
Melee: Short sword       |     3 |       |       ||     3
       Dagger            |    19 |    66 |     1 ||    86
       Punch             |       |     1 |       ||     1
 Fire: Sling             |    17 |    87 |       ||   104
 Cast: Magic Dart        |    23 |    17 |       ||    40
       Searing Ray       |     2 |    16 |     1 ||    19
 Abil: Dig               |     2 |       |       ||     2
 Stab: Sleeping          |     2 |       |       ||     2
Armor: Robe              |    15 |    16 |       ||    31
Dodge: Dodged            |    25 |    50 |       ||    75
Block: Other             |       |    12 |       ||    12
